| TOP OF THE 1ST |
|
Billings Mustangs batting - Pitching for Magic Valley Magicians : RHP Bob James
|
|
Pitching: RHP Bob James
|
|
|
Batting: LHB Bob Bourne
|
0-0: Fly out, F9 (Line Drive, 9D)
|
|
Batting: RHB Tony Quintana
|
0-0: Ball 1-0: Ball 2-0: Ball 3-0: Base on Balls
|
|
Batting: LHB Pedro Giugino
|
0-0: Called Strike 0-1: Ball 1-1: Grounds into double play, 5-4-3 (Groundball, 5D)
|
| Top of the 1st over - 0 runs, 0 hits, 0 errors, 0 left on base; Billings 0 - Magic Valley 0 |
| BOTTOM OF THE 1ST |
|
Magic Valley Magicians batting - Pitching for Billings Mustangs : LHP Israel Monroy
|
|
Pitching: LHP Israel Monroy
|
|
|
Batting: RHB Steven Gerlecz
|
0-0: Called Strike 0-1: Ground out 4-3 (Groundball, 4)
|
|
Batting: RHB Jeff Matthews
|
0-0: SINGLE (Groundball, 4MD)
|
|
Batting: LHB Dan Rohn
|
0-0: Ball 1-0: Called Strike 1-1: Ball 2-1: Ball 3-1: Swinging Strike 3-2: Foul Ball, location: 2F 3-2: Fielders Choice at 2nd, 4-6 (Groundball, 4)
|
|
Batting: RHB James Elrod
|
0-0: Ball 1-0: Called Strike 1-1: Ground out 1-3 (Groundball, P)
|
| Bottom of the 1st over - 0 runs, 1 hit, 0 errors, 1 left on base; Billings 0 - Magic Valley 0 |
| TOP OF THE 2ND |
|
Billings Mustangs batting - Pitching for Magic Valley Magicians : RHP Bob James
|
|
Batting: RHB Mark Hopper
|
0-0: Called Strike 0-1: Fly out, F7 (Line Drive, 7)
|
|
Batting: LHB Stanley Davis
|
0-0: Swinging Strike 0-1: Ball 1-1: Swinging Strike 1-2: Ball 2-2: Foul Ball, location: 2F 2-2: Ball 3-2: Fly out, F8 (Flyball, 8LM)
|
|
Batting: LHB Tom Hester
|
0-0: Ball 1-0: Ball 2-0: Ball 3-0: Called Strike 3-1: Base on Balls
|
|
Batting: RHB James Murphy
|
0-0: Called Strike 0-1: DOUBLE (Flyball, 78D) Tom Hester to third Runner from 3rd tries for Home, SAFE, throw by CF to home
|
|
Batting: LHB Juan Navarrete
|
0-0: Foul Ball, location: 2F 0-1: Fly out, F8 (Flyball, 8LD)
|
| Top of the 2nd over - 1 run, 1 hit, 0 errors, 1 left on base; Billings 1 - Magic Valley 0 |
| BOTTOM OF THE 2ND |
|
Magic Valley Magicians batting - Pitching for Billings Mustangs : LHP Israel Monroy
|
|
Batting: RHB John Helfrick
|
0-0: Swinging Strike 0-1: Ball 1-1: Ground out 6-3 (Groundball, 6S)
|
|
Batting: RHB Rocky Miller
|
0-0: Ball 1-0: Foul Ball, location: 2F 1-1: Foul Ball, location: 2F 1-2: Ground out 1-3 (Groundball, 13S)
|
|
Batting: RHB Lanny Phillips
|
0-0: Fly out, F9 (Flyball, 89S)
|
| Bottom of the 2nd over - 0 runs, 0 hits, 0 errors, 0 left on base; Billings 1 - Magic Valley 0 |
| TOP OF THE 3RD |
|
Billings Mustangs batting - Pitching for Magic Valley Magicians : RHP Bob James
|
|
Batting: RHB Michael Cash
|
0-0: Ball 1-0: Called Strike 1-1: Foul Ball, location: 2F 1-2: Reached on error, E4 (Popup, 4)
|
|
Batting: LHB Bob Bourne
|
0-0: Fly out, F9 (Flyball, 9D)
|
|
Batting: RHB Tony Quintana
|
0-0: Ball 1-0: Called Strike 1-1: Grounds into double play, 4-6-3 (Groundball, 34)
|
| Top of the 3rd over - 0 runs, 0 hits, 1 error, 0 left on base; Billings 1 - Magic Valley 0 |
| BOTTOM OF THE 3RD |
|
Magic Valley Magicians batting - Pitching for Billings Mustangs : LHP Israel Monroy
|
|
Batting: RHB Jeffrey Cronk
|
0-0: Called Strike 0-1: Foul Ball, location: 2F 0-2: Foul Ball, location: 2F 0-2: Ball 1-2: Ball 2-2: Ball 3-2: DOUBLE (Line Drive, 9LM)
|
|
Batting: LHB Randy Lamprecht
|
0-0: Ball 1-0: Called Strike 1-1: Ball 2-1: Foul Ball, location: 2F 2-2: Strikes out swinging
|
|
Batting: RHB Steven Gerlecz
|
0-0: Foul Ball, location: 2F 0-1: Ball 1-1: Swinging Strike 1-2: Fly out, F9 (Flyball, 9S)
|
|
Batting: RHB Jeff Matthews
|
0-0: Ball 1-0: Ball 2-0: Called Strike 2-1: Ground out 6-3 (Groundball, 6)
|
| Bottom of the 3rd over - 0 runs, 1 hit, 0 errors, 1 left on base; Billings 1 - Magic Valley 0 |
| TOP OF THE 4TH |
|
Billings Mustangs batting - Pitching for Magic Valley Magicians : RHP Bob James
|
|
Batting: LHB Pedro Giugino
|
0-0: Ball 1-0: Ball 2-0: Fly out, F8 (Flyball, 8LM)
|
|
Batting: RHB Mark Hopper
|
0-0: Called Strike 0-1: Ground out 6-3 (Groundball, 6)
|
|
Batting: LHB Stanley Davis
|
0-0: Ground out 6-3 (Groundball, 6M)
|
| Top of the 4th over - 0 runs, 0 hits, 0 errors, 0 left on base; Billings 1 - Magic Valley 0 |
| BOTTOM OF THE 4TH |
|
Magic Valley Magicians batting - Pitching for Billings Mustangs : LHP Israel Monroy
|
|
Batting: LHB Dan Rohn
|
0-0: Swinging Strike 0-1: Foul Ball, location: 2F 0-2: SINGLE (Groundball, 34D)
|
|
Batting: RHB James Elrod
|
0-0: Called Strike 0-1: Ball 1-1: Ball 2-1: Foul Ball, location: 2F 2-2: Grounds into double play, 6-4-3 (Groundball, 6)
|
|
Batting: RHB John Helfrick
|
0-0: Swinging Strike 0-1: Fly out, F4 (Popup, 34)
|
| Bottom of the 4th over - 0 runs, 1 hit, 0 errors, 0 left on base; Billings 1 - Magic Valley 0 |
| TOP OF THE 5TH |
|
Billings Mustangs batting - Pitching for Magic Valley Magicians : RHP Bob James
|
|
Batting: LHB Tom Hester
|
0-0: Ball 1-0: Foul Ball, location: 2F 1-1: Foul Ball, location: 2F 1-2: TRIPLE (Line Drive, 78XD)
|
|
Batting: RHB James Murphy
|
0-0: Ball 1-0: Ball 2-0: Ball 3-0: Called Strike 3-1: Foul Ball, location: 2F 3-2: Foul Ball, location: 2F 3-2: Base on Balls
|
|
Batting: LHB Juan Navarrete
|
0-0: Foul Ball, location: 2F 0-1: Ball 1-1: Ball 2-1: Fly out, F7 (Line Drive, 7) Runner from 3rd tags up, SCORES, throw by LF
|
|
Batting: RHB Michael Cash
|
0-0: Called Strike 0-1: Swinging Strike James Murphy is caught stealing 2nd base 2-4 0-2: SINGLE (Line Drive, 78S)
|
|
Batting: LHB Bob Bourne
|
0-0: SINGLE (Groundball, 34) (infield hit) Michael Cash to second
|
|
Batting: RHB Tony Quintana
|
0-0: Called Strike 0-1: Ball 1-1: TRIPLE (Line Drive, 7D) Michael Cash scores Bob Bourne scores
|
|
Batting: LHB Pedro Giugino
|
0-0: Ball 1-0: Ball 2-0: Fly out, F7 (Flyball, 7LS)
|
| Top of the 5th over - 3 runs, 4 hits, 0 errors, 1 left on base; Billings 4 - Magic Valley 0 |
| BOTTOM OF THE 5TH |
|
Magic Valley Magicians batting - Pitching for Billings Mustangs : LHP Israel Monroy
|
|
Batting: RHB Rocky Miller
|
0-0: Fly out, F8 (Flyball, 8LXD)
|
|
Batting: RHB Lanny Phillips
|
0-0: Ball 1-0: Swinging Strike 1-1: Ground out 4-3 (Groundball, 4)
|
|
Batting: RHB Jeffrey Cronk
|
0-0: DOUBLE (Groundball, 5L)
|
|
Batting: LHB Randy Lamprecht
|
0-0: Called Strike 0-1: Foul Ball, location: 2F 0-2: Ball 1-2: Foul Ball, location: 2F 1-2: Fly out, F9 (Flyball, 9LM)
|
| Bottom of the 5th over - 0 runs, 1 hit, 0 errors, 1 left on base; Billings 4 - Magic Valley 0 |
| TOP OF THE 6TH |
|
Billings Mustangs batting - Pitching for Magic Valley Magicians : RHP Bob James
|
|
Batting: RHB Mark Hopper
|
0-0: Called Strike 0-1: Foul Ball, location: 2F 0-2: Ball 1-2: Ball 2-2: Ground out 5-3 (Groundball, 56)
|
|
Batting: LHB Stanley Davis
|
0-0: Swinging Strike 0-1: Foul Ball, location: 2F 0-2: Strikes out swinging
|
|
Batting: LHB Tom Hester
|
0-0: Ball 1-0: Ball 2-0: Ground out 4-3 (Groundball, 4M)
|
| Top of the 6th over - 0 runs, 0 hits, 0 errors, 0 left on base; Billings 4 - Magic Valley 0 |
| BOTTOM OF THE 6TH |
|
Magic Valley Magicians batting - Pitching for Billings Mustangs : LHP Israel Monroy
|
|
Batting: RHB Steven Gerlecz
|
0-0: Called Strike 0-1: Ball 1-1: Swinging Strike 1-2: Ball 2-2: Ball 3-2: Base on Balls
|
|
Batting: RHB Jeff Matthews
|
0-0: Ball 1-0: Ball 2-0: Swinging Strike 2-1: Fly out, F9 (Flyball, 9LD)
|
|
Batting: LHB Dan Rohn
|
0-0: Ball 1-0: Foul Ball, location: 2F 1-1: Ball 2-1: Foul Ball, location: 2F 2-2: Fly out, F9 (Line Drive, 9)
|
|
Batting: RHB James Elrod
|
0-0: Called Strike 0-1: Swinging Strike 0-2: Ball 1-2: Fly out, F9 (Flyball, 9LM)
|
| Bottom of the 6th over - 0 runs, 0 hits, 0 errors, 1 left on base; Billings 4 - Magic Valley 0 |
| TOP OF THE 7TH |
|
Billings Mustangs batting - Pitching for Magic Valley Magicians : RHP Bob James
|
|
Batting: RHB James Murphy
|
0-0: Ball 1-0: Ball 2-0: Ball 3-0: Base on Balls
|
|
Batting: LHB Juan Navarrete
|
0-0: Sac Bunt to 5S - play at first, batter OUT! 5-3 James Murphy to second
|
|
Batting: RHB Michael Cash
|
0-0: Called Strike 0-1: Ball 1-1: Foul Ball, location: 2F 1-2: Ball 2-2: Ball 3-2: Foul Ball, location: 2F 3-2: Base on Balls
|
|
Batting: LHB Bob Bourne
|
0-0: Foul Ball, location: 2F 0-1: Swinging Strike 0-2: Ball 1-2: Foul Ball, location: 2F 1-2: Fielders Choice at 2nd, 6-4 (Groundball, 56D) James Murphy to third
|
|
Batting: RHB Tony Quintana
|
0-0: Ball 1-0: Ball 2-0: Fly out, F2 (Popup, 2LF)
|
| Top of the 7th over - 0 runs, 0 hits, 0 errors, 2 left on base; Billings 4 - Magic Valley 0 |
| BOTTOM OF THE 7TH |
|
Magic Valley Magicians batting - Pitching for Billings Mustangs : LHP Israel Monroy
|
|
Batting: RHB John Helfrick
|
0-0: SINGLE (Groundball, 4D)
|
|
Batting: RHB Rocky Miller
|
0-0: Called Strike 0-1: Ball Passed Ball! John Helfrick to second 1-1: Ground out 6-3 (Groundball, 6)
|
|
Batting: RHB Lanny Phillips
|
0-0: Called Strike 0-1: Ball 1-1: Ball 2-1: Ball 3-1: Base on Balls
|
|
Batting: RHB Jeffrey Cronk
|
0-0: Ball 1-0: Foul Ball, location: 2F 1-1: Foul Ball, location: 2F 1-2: SINGLE (Groundball, 4D) John Helfrick to third Lanny Phillips to second Runner from 3rd tries for Home, SAFE, no throw by CF
|
|
Batting: LHB Randy Lamprecht
|
0-0: Swinging Strike 0-1: Ball 1-1: Ball 2-1: Ball 3-1: Base on Balls Lanny Phillips to third Jeffrey Cronk to second
|
|
Batting: RHB Steven Gerlecz
|
0-0: Fly out, F9 (Flyball, 9S)
|
|
Batting: RHB Jeff Matthews
|
0-0: Called Strike 0-1: Foul Ball, location: 2F 0-2: Foul Ball, location: 2F 0-2: Ball 1-2: SINGLE (Groundball, 56D) Lanny Phillips scores Jeffrey Cronk to third Randy Lamprecht to second Runner from 3rd tries for Home, SAFE, no throw by LF
|
|
Batting: LHB Dan Rohn
|
0-0: Foul Ball, location: 2F 0-1: Called Strike 0-2: Fly out, F7 (Flyball, 7LSF)
|
| Bottom of the 7th over - 3 runs, 3 hits, 0 errors, 2 left on base; Billings 4 - Magic Valley 3 |
| TOP OF THE 8TH |
|
Billings Mustangs batting - Pitching for Magic Valley Magicians : RHP Bob James
|
|
Pitching: RHP Joe Kuhl
|
|
|
Batting: LHB Pedro Giugino
|
0-0: Ground out 6-3 (Groundball, 6)
|
|
Batting: RHB Mark Hopper
|
0-0: Called Strike 0-1: Called Strike 0-2: Ground out 6-3 (Groundball, 6)
|
|
Batting: LHB Stanley Davis
|
0-0: Fly out, F6 (Popup, 6S)
|
| Top of the 8th over - 0 runs, 0 hits, 0 errors, 0 left on base; Billings 4 - Magic Valley 3 |
| BOTTOM OF THE 8TH |
|
Magic Valley Magicians batting - Pitching for Billings Mustangs : LHP Israel Monroy
|
|
Pitching: RHP David Aloi
|
|
|
Batting: RHB James Elrod
|
0-0: Called Strike 0-1: Ball 1-1: Fly out, F7 (Flyball, 7LD)
|
|
Batting: RHB John Helfrick
|
0-0: Ball 1-0: Ball 2-0: Foul Ball, location: 2F 2-1: Foul Ball, location: 2F 2-2: Ball 3-2: Foul Ball, location: 2F 3-2: Foul Ball, location: 2F 3-2: Ground out 4-3 (Groundball, 4)
|
|
Batting: RHB Rocky Miller
|
0-0: Called Strike 0-1: Foul Ball, location: 2F 0-2: Foul Ball, location: 2F 0-2: Ball 1-2: Fly out, F9 (Flyball, 89D)
|
| Bottom of the 8th over - 0 runs, 0 hits, 0 errors, 0 left on base; Billings 4 - Magic Valley 3 |
| TOP OF THE 9TH |
|
Billings Mustangs batting - Pitching for Magic Valley Magicians : RHP Joe Kuhl
|
|
Batting: LHB Tom Hester
|
0-0: Called Strike 0-1: Ball 1-1: Ball 2-1: Called Strike 2-2: Ball 3-2: Ground out 4-3 (Groundball, 4M)
|
|
Batting: RHB James Murphy
|
0-0: Swinging Strike 0-1: Ball 1-1: Swinging Strike 1-2: Strikes out swinging
|
|
Batting: LHB Juan Navarrete
|
0-0: DOUBLE (Line Drive, 7LM)
|
|
Batting: RHB Michael Cash
|
0-0: Ball 1-0: Ground out 4-3 (Groundball, 4)
|
| Top of the 9th over - 0 runs, 1 hit, 0 errors, 1 left on base; Billings 4 - Magic Valley 3 |
| BOTTOM OF THE 9TH |
|
Magic Valley Magicians batting - Pitching for Billings Mustangs : RHP David Aloi
|
|
Batting: RHB Lanny Phillips
|
0-0: SINGLE (Groundball, 4) (infield hit)
|
|
Pinch Hitting: LHB German Geigel
|
0-0: Foul Ball, location: 2F 0-1: Swinging Strike 0-2: Fly out, F8 (Flyball, 8LS)
|
|
Batting: LHB Randy Lamprecht
|
0-0: Foul Ball, location: 2F 0-1: Ball 1-1: Ball 2-1: Ball 3-1: Foul Ball, location: 2F 3-2: Base on Balls Lanny Phillips to second
|
|
Batting: RHB Steven Gerlecz
|
0-0: Ball 1-0: Called Strike 1-1: Swinging Strike 1-2: Foul Ball, location: 2F 1-2: Ball 2-2: Strikes out looking
|
|
Batting: RHB Jeff Matthews
|
0-0: Called Strike 0-1: Fly out, F8 (Flyball, 89M)
|
| Bottom of the 9th over - 0 runs, 1 hit, 0 errors, 2 left on base; Billings 4 - Magic Valley 3 |
|